 Dungeon Crawl Stone Soup version 0.31-a0-524-g2a164cf6a2 (webtiles) character file.

Game seed: 2009777312434689623

1064 Gargoyl the Chopper (level 8, -2/49 HPs)
             Began as a Gargoyle Berserker on Aug 12, 2023.
             Was a Believer of Trog.
             Slain by a yak (5 damage)
             ... on level 5 of the Dungeon.
             The game lasted 00:05:41 (4202 turns).

Gargoyl the Chopper (Gargoyle Berserker)            Turns: 4202, Time: 00:05:42

Health: -2/49      AC: 13    Str: 21    XL:     8   Next: 27%
Magic:  8/8        EV: 10    Int:  8    God:    Trog [**....]
Gold:   289        SH:  4    Dex: 11    Spells: 7/7 levels left

rFire   . . .        a - +0 hand axe (freeze)
rCold   . . .        g - +0 buckler
rNeg    + . .        h - +0 scale mail
rPois   ∞            (no helmet)
rElec   +            e - +0 cloak
rCorr   .            (no gloves)
SInv    .            (no boots)
Will    ++...        j - amulet of the acrobat Stlth
                     (no ring)
HPRegen 1.28/turn    (no ring)
MPRegen 0.11/turn

%: acrobat
@: brilliant, strong-willed, on berserk cooldown, attractive, regenerating,
slowed, very slow
A: sickness immunity, AC +5, negative energy resistance 1, electricity
resistance, torment resistance 1, petrification resistance
a: Renounce Religion, Berserk, Trog's Hand


You were on level 5 of the Dungeon.
You worshipped Trog.
Trog was pleased with you.
You visited 1 branch of the dungeon, and saw 5 of its levels.

You collected 289 gold pieces.

Inventory:

Hand Weapons
 a - a +0 hand axe of freezing (weapon)
 b - a +0 war axe
 l - a +2 flail of distortion
Armour
 e - a +0 cloak (worn)
 g - a +0 buckler (worn)
 h - a +0 scale mail (worn)
Jewellery
 j - an amulet of the acrobat (around neck)
 o - a ring of flight
Wands
 n - a wand of quicksilver (3)
Scrolls
 f - 3 scrolls of identify
Potions
 c - 2 potions of enlightenment
 i - 2 potions of haste
 m - a potion of curing


   Skills:
 + Level 5.2 Fighting
 + Level 6.6 Axes
 + Level 4.3 Armour
 + Level 3.3 Dodging
 + Level 1.2 Stealth
 + Level 1.9 Shields


You had 7 spell levels left.
You didn't know any spells.
Your spell library was empty.

Dungeon Overview and Level Annotations

Branches:
Dungeon (5/15)
 Temple: D:4-7

Altars:
Ashenzari
Fedhas
Gozag
Hepliaklqana
Kikubaaqudgha
Nemelex Xobeh
Wu Jian
Yredelemnul

Shops:
D:3 *


Innate Abilities, Weirdness & Mutations

You are immune to sickness and miasma.
Your stone body is resilient. (AC +5)
You are immune to poison.
You resist negative energy. (rN+)
You are resistant to electric shocks. (rElec)
You are resistant to unholy torment.
You are immune to petrification.


Message History

The yak snorts and paws the ground.
The yak gores you! The yak barely misses you. The worm barely misses you.
The yak gores you but does no damage. x2; The yak is attracted toward you. x2
The orc is attracted toward you.
You closely miss the yak.
The yak is heavily wounded.
You closely miss the yak. You barely miss the worm.
The yak seems to regain its courage. x2; The yak closely misses you.
You block the worm's attack. The yak is attracted toward you.
The orc is attracted toward you.
Unknown command.
Your skin crawls.
You feel strong-willed. The yak gores you but does no damage.
The yak gores you! x2
* * * LOW HITPOINT WARNING * * *
The yak closely misses you. The yak gores you but does no damage.
The yak gores you.
* * * LOW HITPOINT WARNING * * *
The worm bites you but does no damage. The orc is attracted toward you.
You slash the yak! You freeze the yak.
The yak is severely wounded.
You hit the worm but do no damage. You hit the yak but do no damage.
You hit the yak. You freeze the yak. The yak gores you.
* * * LOW HITPOINT WARNING * * *
The yak gores you but does no damage. The yak barely misses you.
The orc is attracted toward you.
You hit the yak. You freeze the yak.
The yak is almost dead.
You hit the yak but do no damage. x2; You hit the worm.
You freeze the worm. The yak gores you but does no damage. The yak misses you.
The yak gores you but does no damage. The worm bites you.
* * * LOW HITPOINT WARNING * * *
The yak barely misses you. The yak closely misses you.
The yak gores you but does no damage. The orc is attracted toward you.
You barely miss the yak.
The yak is almost dead.
You barely miss the worm. You hit the yak but do no damage. You hit the yak.
You freeze the yak.
The orc seems to regain its courage.
The worm misses you. The yak gores you.
You die...

#.#..... #.#.?..# #.#....
. #.#...##.# #########
###.#..§§. ........+
....>o. #.####### #Y#w#
#.#....# #Y@)#
#.#.##.##########Y###
#.#.##.##...........#
#.#.##.##.#######.#.#
#.#.##.##.# #.#.#
#.#.##.##.# #.#.#####
#.#.##.##.#######.#.....#
#'#.##.##.....#.......#.#
....##.######.#.#....##.#


You could see 3 yaks, a worm and an orc.

Vanquished Creatures
  Grinder (D:4)
  2 yaks (D:5)
  A bullfrog (D:4)
  A scorpion (D:5)
  3 orc priests
  Crazy Yiuf (D:3)
  Jessica (D:2)
  An iguana (D:5)
  Ijyb (D:3)
  Terence (D:3)
  4 orc wizards
  4 adders
  4 dart slugs
  18 orcs
  7 endoplasms
  2 giant cockroaches
  5 goblins
  8 hobgoblins
  8 jackals
  9 kobolds
  3 quokkas
  4 ball pythons
  6 bats
  5 frilled lizards
  8 rats
108 creatures vanquished.

Notes
Turn   | Place    | Note
-------+----------+-------------------------------------------
     0 | D:1      | Gargoyl the Gargoyle Berserker began the quest for the Orb.
     0 | D:1      | Reached XP level 1. HP: 14/14 MP: 1/1
   228 | D:1      | Reached XP level 2. HP: 17/19 MP: 2/2
   272 | D:1      | Reached skill level 3 in Axes
   570 | D:1      | Reached XP level 3. HP: 23/24 MP: 3/3
   580 | D:1      | Reached ** piety under Trog
   974 | D:2      | Noticed Jessica
   981 | D:2      | Killed Jessica
   982 | D:2      | Reached XP level 4. HP: 29/29 MP: 4/4
  1722 | D:3      | Reached XP level 5. HP: 21/33 MP: 5/5
  1787 | D:3      | Found a basalt altar of Yredelemnul.
  1788 | D:3      | Found a broken altar of Ashenzari.
  1788 | D:3      | Found a hazy altar of Hepliaklqana.
  1788 | D:3      | Found a blossoming altar of Fedhas.
  1789 | D:3      | Found an ornate altar of the Wu Jian Council.
  1789 | D:3      | Found an ancient bone altar of Kikubaaqudgha.
  1790 | D:3      | Found an opulent altar of Gozag.
  1829 | D:3      | Noticed Terence
  1882 | D:3      | Killed Terence
  1883 | D:3      | Reached skill level 1 in Stealth
  1915 | D:3      | Identified the +9 dagger "Ran Feri" {heavy, Will+ Str+4}
  1919 | D:3      | Reached skill level 4 in Axes
  2000 | D:3      | Noticed Ijyb
  2010 | D:3      | Killed Ijyb
  2152 | D:3      | Reached skill level 1 in Shields
  2152 | D:3      | Reached XP level 6. HP: 37/39 MP: 6/6
  2178 | D:3      | Found a sparkling altar of Nemelex Xobeh.
  2266 | D:3      | Found Pimeuc's Assorted Antiques.
  2527 | D:3      | Found a runed translucent door.
  2528 | D:3      | Noticed Crazy Yiuf
  2881 | D:3      | Killed Crazy Yiuf
  3115 | D:4      | Noticed Grinder
  3116 | D:4      | Paralysed by Grinder for 3 turns
  3127 | D:4      | Killed Grinder
  3128 | D:4      | Reached skill level 5 in Axes
  3128 | D:4      | Reached XP level 7. HP: 44/44 MP: 7/7
  3637 | D:5      | Entered Level 5 of the Dungeon
  4018 | D:5      | Noticed a yak
  4050 | D:5      | Killed a yak
  4051 | D:5      | Reached skill level 6 in Axes
  4058 | D:5      | Reached XP level 8. HP: 23/48 MP: 8/8
  4173 | D:5      | Noticed a yak
  4173 | D:5      | Noticed a yak
  4173 | D:5      | Noticed a yak
  4174 | D:5      | Noticed a yak
  4175 | D:5      | Noticed a yak
  4177 | D:5      | Reached skill level 5 in Fighting
  4186 | D:5      | Killed a yak
  4191 | D:5      | HP: 1/49 [yak (11)]
  4199 | D:5      | HP: 2/49 [yak (5)]
  4202 | D:5      | Slain by a yak

Illustrated notes

Levels and vault maps discovered:
D:1:      minmay_arrival_glassed_features, layout_basic
D:2:      layout_loops_ring, minmay_tree_intersection, minmay_misc_feat_pillars,
          nicolae_titane, uniq_jessica
D:3:      layout_loops_ring, mainiacjoe_overflow_small_starburst,
          grunt_temple_overflow_open, serial_shops, nicolae_shop_waterfront,
          grunt_ministairs_8, minmay_misc_feat_iff, uniq_terence, uniq_ijyb,
          uniq_crazy_yiuf_cottage
D:4:      layout_basic, uniq_grinder
D:5:      layout_basic

Skill      XL: |  1  2  3  4  5  6  7  8 |
---------------+-------------------------+-----
Axes           | 3 4 5 6 |  6.6
Fighting       | 4 5 |  5.2
Dodging        | 2 3 |  3.3
Stealth        | 1 |  1.2
Shields        | 1 |  1.9
Armour         | 3 4 |  4.3

Action                     |  1- 3 |  4- 6 |  7- 9 || total
---------------------------+-------+-------+-------++-------
  Melee: Hand axe          |   101 |   192 |   101 ||   394
 Invoke: Berserk           |     1 |     6 |     1 ||     8
         Trog's Hand       |       |     2 |     2 ||     4
    Use: Scroll            |     2 |     5 |     2 ||     9
         Potion            |       |       |     4 ||     4
   Stab: Sleeping          |       |     1 |       ||     1
         Fleeing           |       |       |     1 ||     1
 Armour: Animal skin       |    39 |    18 |       ||    57
         Scale mail        |       |    71 |    72 ||   143
  Dodge: Dodged            |    73 |   126 |    56 ||   255
  Block: Buckler           |     6 |    25 |    17 ||    48

Table legend: (Time is in decaauts)
 A = Elapsed time spent in this place.
 B = Non-inter-level travel time spent in this place.
 C = Inter-level travel time spent in this place.
 D = Time resting spent in this place.
 E = Time spent auto-exploring this place.
 F = Levels seen in this place.
 G = Mean time per level.
                   A        B        C        D        E       F      G
               +--------+--------+--------+--------+--------+-----+--------+
         Total |   4323 |   4186 |    137 |    216 |   2880 |   5 |  864.6 |
       Dungeon |   4323 |   4186 |    137 |    216 |   2880 |   5 |  864.6 |
               +--------+--------+--------+--------+--------+-----+--------+

Top non-repeatable levels by time:
     D:3: 1258 daAuts
     D:1: 1039 daAuts
     D:2: 735 daAuts
     D:4: 721 daAuts
     D:5: 569 daAuts
